AoeStats
← OM | Kerry Copyto

Arabia

509826271Analyzed
4v4 RM · 5d ago on Sep 28, 2026· 33m 13s· 8 players
Game mode
Random Map
Map size
Large (8 player)
Population
200
Speed
Normal
Resources
Standard
Victory
Conquest
Starting age
Dark Age
Ending age
Imperial Age
RankedLock teamsTeams togetherTeam positionsShared explorationLock speedFull tech treeHidden civsTurbo modeCheats
Victory
Defeat
🇨🇳 Magyars · China
1536
+13
🇨🇦 Varangians · Canada
1517
+14
🇺🇸 Britons · United States
1491
+15
🇺🇸 Italians · United States
1471
+16
🇲🇽 Maya · Mexico
1522
-17
🇲🇽 Varangians · Mexico
1516
-16
1441
-13
🇲🇽 Persians · Mexico
1402
-12
小三輪司機
7:18 Loom
9:33 Feudal Age
10:42 Double-Bit Axe
14:14 Bloodlines
15:23 Scale Barding Armor
17:32 Forging
26:57 Castle Age
25:25 Horse Collar
28:27 Chain Barding Armor
28:17 Gold Mining
29:44 Wheelbarrow
29:47 Iron Casting
32:10 Town Watch
33:39 Husbandry
Darth Yoda
5:38 Loom
9:33 Feudal Age
10:01 Double-Bit Axe
15:07 Fletching
17:16 Horse Collar
17:49 Padded Archer Armor
25:12 Castle Age
23:41 Gold Mining
25:50 Bodkin Arrow
25:17 Crossbowman
28:04 Wheelbarrow
29:18 Ballistics
29:44 Leather Archer Armor
30:36 Hand Cart
31:27 Bow Saw
33:43 Thumb Ring
Eat_Rice
8:02 Loom
10:48 Feudal Age
12:55 Fletching
14:18 Padded Archer Armor
16:22 Gold Mining
21:23 Wheelbarrow
20:53 Horse Collar
25:42 Castle Age
26:29 Bodkin Arrow
27:41 Ballistics
26:55 Crossbowman
27:19 Crossbowman
虎!虎!虎!
6:48 Loom
9:12 Feudal Age
12:30 Double-Bit Axe
14:36 Horse Collar
18:06 Scale Barding Armor
18:54 Wheelbarrow
23:33 Castle Age
22:46 Bloodlines
23:48 Light Cavalry
24:55 Husbandry
26:12 Chain Barding Armor
31:09 Bow Saw
31:38 Heavy Plow
32:09 Gold Mining
OM | SISKO PRO
6:39 Loom
9:20 Feudal Age
9:49 Horse Collar
9:56 Double-Bit Axe
19:02 Wheelbarrow
20:32 Bloodlines
21:17 Scale Barding Armor
23:42 Forging
30:03 Castle Age
29:37 Gold Mining
31:27 Iron Casting
31:27 Light Cavalry
32:07 Husbandry
OM | Romeo D. Sins
0:28 Loom
9:15 Feudal Age
9:47 Double-Bit Axe
14:54 Fletching
17:19 Padded Archer Armor
23:57 Castle Age
22:17 Horse Collar
24:43 Bodkin Arrow
24:09 Crossbowman
25:29 Bow Saw
25:41 Leather Archer Armor
27:20 Ballistics
31:03 Thumb Ring
OM | Kerry Copyto
6:25 Loom
9:04 Feudal Age
9:42 Double-Bit Axe
16:19 Forging
17:52 Scale Barding Armor
20:49 Bloodlines
21:43 Horse Collar
28:05 Castle Age
28:33 Husbandry
28:56 Chain Barding Armor
潮喜歡說故事的洛洛
1:32 Loom
12:04 Feudal Age
12:26 Champi Runner
13:16 Double-Bit Axe
16:03 Scale Mail Armor
18:48 Forging
24:50 Horse Collar
28:47 Wheelbarrow
30:49 Castle Age
28:52 Fletching
29:36 Town Watch
Connection lost

Rejoining the realm…

Still unreachable

The connection could not be restored.

Session expired

The server has moved on; the page needs a fresh start.